[ AOE2 MATCH · #472257600 ]
UnrankedPersians vs Britons
[ REPLAY ANALYSIS · EXTRACTED FROM THE RECORDED GAME ]
Feudal
10:01
Castle
13:22
Imperial
27:51
| APM avg | 30.9 |
| APM peak | 86 |
| eAPM avg | 16.9 |
| Villagers / military | 152 / 194 |
Focus
⚔️ 25.1% · 🌾 74.9%
Knight ×130 · Archer ×60 · Trebuchet (Packed) ×3 · Monk ×1
Feudal
10:36
Castle
19:45
Imperial
36:52
| APM avg | 48.2 |
| APM peak | 101 |
| eAPM avg | 17.5 |
| Villagers / military | 85 / 32 |
Focus
⚔️ 26.8% · 🌾 73.2%
Archer ×29 · Monk ×1 · Mangonel ×1 · Battering Ram ×1
Feudal
8:03
Castle
21:19
Imperial
30:53
| APM avg | 32.1 |
| APM peak | 59 |
| eAPM avg | 18.2 |
| Villagers / military | 113 / 89 |
Focus
⚔️ 33.7% · 🌾 66.3%
Composite Bowman ×76 · Warrior Priest ×6 · Trebuchet (Packed) ×3 · Mangonel ×2 · Scorpion ×2
Feudal
11:39
Castle
15:12
Imperial
28:32
| APM avg | 35.8 |
| APM peak | 81 |
| eAPM avg | 17.3 |
| Villagers / military | 139 / 144 |
Focus
⚔️ 17.5% · 🌾 82.5%
Teutonic Knight ×131 · Battering Ram ×7 · Trebuchet (Packed) ×4 · Monk ×2
Feudal
11:26
Castle
16:12
Imperial
28:17
| APM avg | 30.0 |
| APM peak | 65 |
| eAPM avg | 17.6 |
| Villagers / military | 132 / 86 |
Focus
⚔️ 21.3% · 🌾 78.7%
Spearman ×48 · Fire Lancer ×22 · Bombard Cannon ×7 · Trebuchet (Packed) ×4 · Monk ×3 · Iron Pagoda ×2
Feudal
11:02
Castle
14:44
Imperial
28:44
| APM avg | 29.3 |
| APM peak | 57 |
| eAPM avg | 21.0 |
| Villagers / military | 159 / 65 |
Focus
⚔️ 27.4% · 🌾 72.6%
Unknown (1949) ×134 · Spearman ×39 · Skirmisher ×20 · Unknown (1952) ×10 · Monk ×4 · Unknown (1942) ×4
Feudal
11:38
Castle
15:31
Imperial
31:00
| APM avg | 37.5 |
| APM peak | 85 |
| eAPM avg | 20.2 |
| Villagers / military | 163 / 112 |
Focus
⚔️ 25.4% · 🌾 74.6%
Scout Cavalry ×94 · Unknown (1911) ×30 · Steppe Lancer ×18
Feudal
11:20
Castle
15:41
Imperial
30:39
| APM avg | 17.1 |
| APM peak | 39 |
| eAPM avg | 13.8 |
| Villagers / military | 137 / 41 |
Focus
⚔️ 24.9% · 🌾 75.1%
Spearman ×34 · Trebuchet (Packed) ×5 · Throwing Axeman ×2
Match map
Initial resources + every placement click. Lines = walls · curves = elevation contours. ◆ gold · ⬟ stone · ● berries · ✦ relic · ◌ wall gap
Your base· ✓ Closed at 13:22 · 0t walls · 2 gate(s)
yu_k1's base· ✓ Closed at 19:45 · 25t walls · 3 gate(s)
[DH]Felgrand's base· ✓ Closed at 21:19 · 2t walls · 3 gate(s)
FBI!open the door's base· ✓ Closed at 15:12 · 0t walls · 2 gate(s)
Feisty's base· ✓ Closed at 16:12 · 0t walls · 3 gate(s)
Rudolf's base· ✓ Closed at 14:44 · 0t walls · 3 gate(s)
[DH]Misratronic's base· ✓ Closed at 15:31 · 10t walls · 3 gate(s)
74_phihung's base· ✓ Closed at 15:41 · 0t walls · 2 gate(s)
Smoothed initial terrain · ◌ = detected wall gap · hover for details
Inputs per minute
— |MP| Juanete177 - - yu_k1
Build order — |MP| Juanete177
First 150 of 406 actions detected
| 0:00 | Queue | Villager (Male) |
| 0:01 | Queue | Villager (Male) |
| 0:02 | Build | House |
| 0:04 | Build | House |
| 0:16 | Queue | Villager (Male) |
| 0:31 | Queue | Villager (Male) |
| 0:32 | Queue | Villager (Male) |
| 0:32 | Queue | Villager (Male) |
| 1:29 | Queue | Villager (Male) |
| 1:29 | Queue | Villager (Male) |
| 1:39 | Build | Lumber Camp |
| 2:13 | Queue | Villager (Male) |
| 2:24 | Queue | Villager (Male) |
| 2:38 | Queue | Villager (Male) |
| 3:16 | Build | House |
| 3:23 | Queue | Villager (Male) |
| 3:32 | Build | House |
| 3:56 | Queue | Villager (Male) |
| 3:56 | Queue | Villager (Male) |
| 4:25 | Build | Mill |
| 4:33 | Queue | Villager (Male) |
| 4:33 | Queue | Villager (Male) |
| 4:34 | Queue | Villager (Male) |
| 4:42 | Queue | Villager (Male) |
| 5:51 | Queue | Villager (Male) |
| 5:51 | Queue | Villager (Male) |
| 6:03 | Queue | Villager (Male) |
| 6:31 | Queue | Villager (Male) |
| 6:31 | Queue | Villager (Male) |
| 7:25 | Build | Farm |
| 7:25 | Build | Farm |
| 7:25 | Build | Farm |
| 7:26 | Build | Farm |
| 7:38 | Build | Mining Camp |
| 7:52 | Research | Feudal Age |
| 8:35 | Queue | Villager (Male) |
| 8:38 | Build | House |
| 8:46 | Queue | Villager (Male) |
| 10:01 | Age | Feudal Age |
| 10:05 | Build | Market |
| 10:09 | Build | Blacksmith |
| 10:57 | Research | Castle Age |
| 10:57 | Research | Castle Age |
| 11:43 | Research | Double-Bit Axe |
| 11:49 | Build | House |
| 12:03 | Queue | Villager (Male) |
| 12:08 | Research | Horse Collar |
| 12:37 | Queue | Villager (Male) |
| 13:22 | Age | Castle Age |
| 13:29 | Build | Town Center |
| 13:42 | Queue | Villager (Male) |
| 14:07 | Build | Town Center |
| 14:10 | Queue | Villager (Male) |
| 14:24 | Build | House |
| 14:31 | Queue | Villager (Male) |
| 14:32 | Build | Farm |
| 14:49 | Queue | Villager (Male) |
| 14:50 | Queue | Villager (Male) |
| 14:56 | Build | Farm |
| 15:03 | Queue | Villager (Male) |
| 15:09 | Queue | Villager (Male) |
| 15:11 | Build | Farm |
| 15:13 | Build | House |
| 15:18 | Research | Bow Saw |
| 15:28 | Build | Farm |
| 15:28 | Queue | Villager (Male) |
| 15:29 | Queue | Villager (Male) |
| 15:39 | Build | Farm |
| 15:44 | Build | House |
| 15:45 | Queue | Villager (Male) |
| 15:51 | Build | Farm |
| 15:51 | Build | Farm |
| 16:00 | Build | Farm |
| 16:04 | Queue | Villager (Male) |
| 16:04 | Queue | Villager (Male) |
| 16:08 | Build | Farm |
| 16:14 | Build | House |
| 16:17 | Build | Farm |
| 16:18 | Queue | Villager (Male) |
| 16:22 | Build | Farm |
| 16:27 | Build | Farm |
| 16:39 | Queue | Villager (Male) |
| 16:43 | Build | Farm |
| 16:43 | Build | Farm |
| 16:45 | Queue | Villager (Male) |
| 16:45 | Queue | Villager (Male) |
| 16:49 | Build | House |
| 16:55 | Build | Farm |
| 16:57 | Build | Farm |
| 16:58 | Queue | Villager (Male) |
| 16:58 | Queue | Villager (Male) |
| 17:09 | Queue | Villager (Male) |
| 17:09 | Queue | Villager (Male) |
| 17:12 | Build | Farm |
| 17:12 | Build | Farm |
| 17:15 | Queue | Villager (Male) |
| 17:20 | Build | Farm |
| 17:23 | Build | Farm |
| 17:26 | Build | House |
| 17:29 | Queue | Villager (Male) |
| 17:36 | Queue | Villager (Male) |
| 17:37 | Queue | Villager (Male) |
| 17:38 | Build | Farm |
| 17:42 | Build | Farm |
| 17:45 | Queue | Villager (Male) |
| 17:45 | Queue | Villager (Male) |
| 17:54 | Queue | Villager (Male) |
| 17:58 | Build | House |
| 18:01 | Build | Farm |
| 18:02 | Queue | Villager (Male) |
| 18:02 | Queue | Villager (Male) |
| 18:08 | Build | Farm |
| 18:09 | Queue | Villager (Male) |
| 18:15 | Build | Farm |
| 18:15 | Queue | Villager (Male) |
| 18:25 | Build | Farm |
| 18:25 | Queue | Villager (Male) |
| 18:32 | Queue | Villager (Male) |
| 18:32 | Queue | Villager (Male) |
| 18:38 | Queue | Villager (Male) |
| 18:39 | Queue | Villager (Male) |
| 18:43 | Build | House |
| 18:45 | Queue | Villager (Male) |
| 18:53 | Queue | Villager (Male) |
| 18:53 | Queue | Villager (Male) |
| 18:58 | Build | Farm |
| 18:59 | Build | Farm |
| 19:00 | Queue | Villager (Male) |
| 19:03 | Queue | Villager (Male) |
| 19:15 | Queue | Villager (Male) |
| 19:16 | Queue | Villager (Male) |
| 19:16 | Queue | Villager (Male) |
| 19:19 | Build | House |
| 19:23 | Build | Monastery |
| 19:25 | Queue | Villager (Male) |
| 19:34 | Build | Farm |
| 19:39 | Build | Farm |
| 19:40 | Queue | Villager (Male) |
| 19:41 | Queue | Villager (Male) |
| 19:41 | Queue | Villager (Male) |
| 19:49 | Queue | Villager (Male) |
| 19:50 | Queue | Villager (Male) |
| 20:01 | Queue | Villager (Male) |
| 20:02 | Queue | Villager (Male) |
| 20:08 | Build | Town Center |
| 20:13 | Queue | Monk |
| 20:21 | Queue | Villager (Male) |
| 20:22 | Queue | Villager (Male) |
| 20:32 | Queue | Villager (Male) |
| 20:33 | Queue | Villager (Male) |
Build order — yu_k1
First 150 of 223 actions detected
| 0:00 | Queue | Villager (Male) |
| 0:01 | Queue | Villager (Male) |
| 0:01 | Queue | Villager (Male) |
| 0:01 | Queue | Villager (Male) |
| 0:01 | Queue | Villager (Male) |
| 0:02 | Build | House |
| 0:04 | Build | House |
| 1:24 | Queue | Villager (Male) |
| 1:24 | Queue | Villager (Male) |
| 1:59 | Queue | Villager (Male) |
| 1:59 | Queue | Villager (Male) |
| 2:00 | Queue | Villager (Male) |
| 2:22 | Queue | Villager (Male) |
| 2:22 | Queue | Villager (Male) |
| 2:24 | Build | Lumber Camp |
| 3:14 | Queue | Villager (Male) |
| 3:15 | Queue | Villager (Male) |
| 3:15 | Queue | Villager (Male) |
| 3:42 | Queue | Villager (Male) |
| 3:42 | Queue | Villager (Male) |
| 3:49 | Build | House |
| 3:50 | Build | House |
| 4:03 | Queue | Villager (Male) |
| 4:04 | Queue | Villager (Male) |
| 4:04 | Queue | Villager (Male) |
| 4:44 | Queue | Villager (Male) |
| 4:44 | Queue | Villager (Male) |
| 4:47 | Build | Mill |
| 5:07 | Queue | Villager (Male) |
| 5:25 | Queue | Villager (Male) |
| 5:26 | Queue | Villager (Male) |
| 5:42 | Queue | Villager (Male) |
| 5:43 | Queue | Villager (Male) |
| 6:19 | Build | Lumber Camp |
| 6:22 | Queue | Villager (Male) |
| 7:00 | Queue | Villager (Male) |
| 7:32 | Queue | Villager (Male) |
| 7:32 | Queue | Villager (Male) |
| 7:42 | Build | Farm |
| 7:45 | Build | Farm |
| 7:59 | Build | Palisade Wall |
| 8:05 | Build | Mining Camp |
| 8:20 | Build | Palisade Wall |
| 8:26 | Research | Feudal Age |
| 8:45 | Build | Palisade Wall |
| 9:13 | Build | Palisade Wall |
| 9:49 | Queue | Villager (Male) |
| 9:50 | Queue | Villager (Male) |
| 9:51 | Research | Loom |
| 10:36 | Age | Feudal Age |
| 10:47 | Build | Watch Tower |
| 10:52 | Build | Blacksmith |
| 10:55 | Build | House |
| 10:55 | Queue | Villager (Male) |
| 10:55 | Queue | Villager (Male) |
| 11:00 | Build | Mining Camp |
| 11:49 | Build | Barracks |
| 12:28 | Research | Fletching |
| 12:56 | Build | Archery Range |
| 13:05 | Queue | Villager (Male) |
| 13:20 | Build | Archery Range |
| 13:24 | Build | House |
| 13:25 | Queue | Villager (Male) |
| 13:36 | Research | Double-Bit Axe |
| 13:43 | Build | Palisade Wall |
| 13:44 | Build | Palisade Wall |
| 14:00 | Queue | Archer |
| 14:00 | Queue | Archer |
| 14:14 | Queue | Villager (Male) |
| 14:18 | Queue | Archer |
| 14:19 | Queue | Archer |
| 14:44 | Queue | Archer |
| 14:44 | Queue | Archer |
| 14:57 | Build | Mining Camp |
| 15:13 | Queue | Archer |
| 15:14 | Queue | Archer |
| 15:23 | Queue | Villager (Male) |
| 15:41 | Build | House |
| 15:52 | Queue | Villager (Male) |
| 16:13 | Build | Market |
| 16:15 | Queue | Archer |
| 16:15 | Queue | Archer |
| 16:25 | Build | House |
| 16:33 | Queue | Villager (Male) |
| 17:05 | Research | Castle Age |
| 17:16 | Build | Farm |
| 17:18 | Queue | Archer |
| 17:47 | Queue | Archer |
| 18:43 | Build | House |
| 19:38 | Queue | Archer |
| 19:39 | Queue | Archer |
| 19:45 | Age | Castle Age |
| 19:48 | Research | Bodkin Arrow |
| 20:09 | Build | Siege Workshop |
| 20:10 | Queue | Villager (Male) |
| 20:11 | Queue | Villager (Male) |
| 20:41 | Build | Farm |
| 20:53 | Queue | Battering Ram |
| 21:42 | Queue | Villager (Male) |
| 21:55 | Queue | Villager (Male) |
| 22:10 | Build | Monastery |
| 22:31 | Queue | Villager (Male) |
| 22:40 | Build | Town Center |
| 22:42 | Queue | Villager (Male) |
| 22:44 | Build | Lumber Camp |
| 22:58 | Queue | Monk |
| 23:20 | Build | Town Center |
| 23:21 | Queue | Villager (Male) |
| 23:31 | Build | Lumber Camp |
| 23:34 | Research | Crossbowman (upgrade) |
| 24:19 | Build | Stone Wall |
| 24:31 | Queue | Villager (Male) |
| 24:33 | Queue | Villager (Male) |
| 24:42 | Research | Bow Saw |
| 24:45 | Queue | Villager (Male) |
| 25:01 | Build | Farm |
| 25:02 | Build | Farm |
| 25:04 | Queue | Villager (Male) |
| 25:05 | Queue | Villager (Male) |
| 25:07 | Build | Farm |
| 25:31 | Queue | Villager (Male) |
| 25:32 | Queue | Villager (Male) |
| 25:33 | Build | Farm |
| 25:34 | Build | Farm |
| 25:37 | Build | Farm |
| 25:40 | Queue | Villager (Male) |
| 25:41 | Build | Farm |
| 25:59 | Build | House |
| 26:00 | Build | House |
| 26:10 | Research | Town Watch |
| 26:14 | Build | Farm |
| 26:15 | Queue | Villager (Male) |
| 26:16 | Build | Farm |
| 26:18 | Build | Farm |
| 26:21 | Build | University |
| 26:25 | Queue | Villager (Male) |
| 26:38 | Queue | Villager (Male) |
| 26:39 | Queue | Villager (Male) |
| 26:50 | Build | House |
| 26:54 | Build | University |
| 26:58 | Queue | Villager (Male) |
| 27:05 | Queue | Mangonel |
| 27:16 | Build | Farm |
| 27:17 | Build | Farm |
| 27:19 | Build | Farm |
| 27:21 | Research | Horse Collar |
| 27:22 | Queue | Villager (Male) |
| 27:23 | Queue | Villager (Male) |
| 27:27 | Queue | Villager (Male) |
| 28:12 | Queue | Villager (Male) |
Build order — [DH]Felgrand
First 150 of 309 actions detected
| 0:01 | Queue | Villager (Male) |
| 0:01 | Queue | Villager (Male) |
| 0:01 | Queue | Villager (Male) |
| 0:02 | Queue | Villager (Male) |
| 0:03 | Build | House |
| 0:05 | Build | House |
| 1:26 | Queue | Villager (Male) |
| 1:59 | Build | Mule Cart |
| 2:01 | Queue | Villager (Male) |
| 2:27 | Queue | Villager (Male) |
| 2:56 | Queue | Villager (Male) |
| 3:10 | Build | House |
| 3:14 | Queue | Villager (Male) |
| 3:14 | Queue | Villager (Male) |
| 3:36 | Queue | Villager (Male) |
| 3:54 | Queue | Villager (Male) |
| 4:32 | Queue | Villager (Male) |
| 4:47 | Queue | Villager (Male) |
| 4:54 | Build | Mill |
| 5:03 | Research | Loom |
| 5:53 | Research | Feudal Age |
| 6:17 | Queue | Villager (Male) |
| 6:40 | Queue | Villager (Male) |
| 7:20 | Build | Mule Cart |
| 7:21 | Queue | Villager (Male) |
| 7:57 | Build | House |
| 8:03 | Age | Feudal Age |
| 8:09 | Build | Watch Tower |
| 8:21 | Build | Palisade Gate |
| 8:32 | Queue | Villager (Male) |
| 8:38 | Research | Double-Bit Axe |
| 8:58 | Queue | Villager (Male) |
| 9:20 | Queue | Villager (Male) |
| 9:38 | Build | Farm |
| 10:02 | Queue | Villager (Male) |
| 10:11 | Build | Farm |
| 10:18 | Build | Watch Tower |
| 10:25 | Queue | Villager (Male) |
| 10:34 | Build | House |
| 10:43 | Queue | Villager (Male) |
| 10:55 | Queue | Villager (Male) |
| 11:12 | Queue | Villager (Male) |
| 11:43 | Queue | Villager (Male) |
| 11:45 | Build | Farm |
| 11:58 | Queue | Villager (Male) |
| 12:00 | Build | House |
| 12:18 | Build | Palisade Wall |
| 12:21 | Build | Palisade Wall |
| 12:23 | Queue | Villager (Male) |
| 12:26 | Build | Farm |
| 13:07 | Build | Watch Tower |
| 13:09 | Queue | Villager (Male) |
| 13:19 | Build | Blacksmith |
| 13:34 | Queue | Villager (Male) |
| 13:55 | Research | Fletching |
| 13:55 | Queue | Villager (Male) |
| 14:00 | Build | Farm |
| 14:02 | Build | Farm |
| 14:11 | Queue | Villager (Male) |
| 14:14 | Build | House |
| 14:17 | Build | Farm |
| 14:38 | Queue | Villager (Male) |
| 14:45 | Build | House |
| 14:51 | Build | Farm |
| 14:54 | Build | Farm |
| 15:04 | Queue | Villager (Male) |
| 15:09 | Build | Farm |
| 15:25 | Queue | Villager (Male) |
| 15:33 | Build | Watch Tower |
| 15:42 | Queue | Villager (Male) |
| 15:45 | Build | Farm |
| 15:51 | Build | Farm |
| 15:59 | Queue | Villager (Male) |
| 16:17 | Build | Mule Cart |
| 16:30 | Queue | Villager (Male) |
| 16:33 | Queue | Villager (Male) |
| 17:42 | Queue | Villager (Male) |
| 17:51 | Build | Market |
| 18:18 | Queue | Villager (Male) |
| 18:39 | Research | Castle Age |
| 18:55 | Build | Farm |
| 19:02 | Research | Horse Collar |
| 19:23 | Build | House |
| 19:28 | Queue | Villager (Male) |
| 19:31 | Build | House |
| 19:35 | Build | Mule Cart |
| 19:52 | Research | Gold Mining |
| 20:53 | Build | House |
| 21:19 | Age | Castle Age |
| 21:26 | Build | Monastery |
| 21:27 | Queue | Villager (Male) |
| 21:39 | Build | Town Center |
| 21:44 | Research | Bow Saw |
| 21:56 | Build | Farm |
| 21:57 | Queue | Villager (Male) |
| 22:02 | Queue | Warrior Priest |
| 22:13 | Queue | Villager (Male) |
| 22:17 | Build | Siege Workshop |
| 22:31 | Build | Farm |
| 22:33 | Research | Heavy Plow |
| 22:40 | Queue | Villager (Male) |
| 22:41 | Queue | Villager (Male) |
| 22:49 | Queue | Villager (Male) |
| 22:57 | Build | Farm |
| 23:00 | Build | Farm |
| 23:00 | Queue | Villager (Male) |
| 23:11 | Build | Farm |
| 23:13 | Queue | Villager (Male) |
| 23:17 | Build | Farm |
| 23:19 | Build | Farm |
| 23:22 | Build | Farm |
| 23:24 | Queue | Mangonel |
| 23:26 | Queue | Villager (Male) |
| 23:30 | Queue | Villager (Male) |
| 23:34 | Build | Farm |
| 23:41 | Queue | Villager (Male) |
| 24:08 | Queue | Villager (Male) |
| 24:09 | Queue | Villager (Male) |
| 24:10 | Build | Farm |
| 24:13 | Queue | Mangonel |
| 24:16 | Queue | Scorpion |
| 24:17 | Queue | Villager (Male) |
| 24:24 | Build | House |
| 24:26 | Build | House |
| 24:27 | Build | House |
| 24:28 | Build | House |
| 24:29 | Build | House |
| 24:31 | Build | House |
| 24:32 | Queue | Villager (Male) |
| 24:32 | Queue | Villager (Male) |
| 24:34 | Build | Farm |
| 24:51 | Build | Farm |
| 24:51 | Build | Farm |
| 24:55 | Build | Farm |
| 24:58 | Build | Farm |
| 25:01 | Research | Wheelbarrow |
| 25:02 | Queue | Villager (Male) |
| 25:10 | Build | Farm |
| 25:12 | Build | Farm |
| 25:14 | Queue | Villager (Male) |
| 25:17 | Build | Farm |
| 25:19 | Build | Farm |
| 25:26 | Build | Farm |
| 25:26 | Queue | Villager (Male) |
| 25:26 | Queue | Villager (Male) |
| 25:35 | Queue | Scorpion |
| 25:43 | Build | House |
| 25:44 | Build | House |
| 25:50 | Build | Farm |
| 25:54 | Build | Farm |
Build order — FBI!open the door
First 150 of 350 actions detected
| 0:02 | Queue | Villager (Male) |
| 0:02 | Queue | Villager (Male) |
| 0:04 | Build | House |
| 0:06 | Build | House |
| 0:24 | Queue | Villager (Male) |
| 0:24 | Queue | Villager (Male) |
| 1:31 | Queue | Villager (Male) |
| 1:31 | Queue | Villager (Male) |
| 1:48 | Build | Lumber Camp |
| 2:03 | Queue | Villager (Male) |
| 2:03 | Queue | Villager (Male) |
| 2:22 | Queue | Villager (Male) |
| 2:22 | Queue | Villager (Male) |
| 3:20 | Queue | Villager (Male) |
| 3:20 | Queue | Villager (Male) |
| 3:26 | Queue | Villager (Male) |
| 4:07 | Build | House |
| 4:08 | Build | House |
| 4:26 | Queue | Villager (Male) |
| 4:27 | Queue | Villager (Male) |
| 4:54 | Queue | Villager (Male) |
| 4:54 | Queue | Villager (Male) |
| 5:12 | Queue | Villager (Male) |
| 5:13 | Queue | Villager (Male) |
| 5:36 | Build | House |
| 6:06 | Queue | Villager (Male) |
| 6:15 | Queue | Villager (Male) |
| 6:15 | Queue | Villager (Male) |
| 6:46 | Queue | Villager (Male) |
| 6:46 | Queue | Villager (Male) |
| 6:47 | Queue | Villager (Male) |
| 6:47 | Queue | Villager (Male) |
| 7:04 | Build | House |
| 7:15 | Build | House |
| 7:21 | Build | Mill |
| 8:11 | Queue | Villager (Male) |
| 8:32 | Build | Mining Camp |
| 9:08 | Build | Farm |
| 9:24 | Research | Feudal Age |
| 9:36 | Build | Farm |
| 9:38 | Queue | Villager (Male) |
| 9:38 | Queue | Villager (Male) |
| 11:39 | Age | Feudal Age |
| 11:41 | Build | Market |
| 11:43 | Build | Blacksmith |
| 12:32 | Research | Castle Age |
| 12:46 | Build | Farm |
| 12:57 | Build | Farm |
| 13:14 | Research | Double-Bit Axe |
| 13:31 | Research | Horse Collar |
| 13:52 | Build | Farm |
| 13:53 | Build | Farm |
| 13:53 | Build | Farm |
| 13:53 | Build | Farm |
| 13:53 | Build | Farm |
| 13:54 | Build | Farm |
| 13:55 | Build | Farm |
| 13:55 | Build | Farm |
| 14:29 | Queue | Villager (Male) |
| 14:29 | Queue | Villager (Male) |
| 15:12 | Age | Castle Age |
| 15:16 | Build | Town Center |
| 15:20 | Build | Town Center |
| 15:46 | Build | Monastery |
| 15:48 | Build | House |
| 15:56 | Queue | Villager (Male) |
| 15:56 | Queue | Villager (Male) |
| 16:06 | Build | Farm |
| 16:16 | Queue | Villager (Male) |
| 16:32 | Build | Farm |
| 16:35 | Queue | Villager (Male) |
| 16:39 | Queue | Villager (Male) |
| 16:46 | Queue | Monk |
| 17:00 | Build | House |
| 17:08 | Build | Farm |
| 17:12 | Queue | Villager (Male) |
| 17:12 | Queue | Villager (Male) |
| 17:31 | Queue | Villager (Male) |
| 17:32 | Queue | Villager (Male) |
| 17:39 | Build | House |
| 17:45 | Build | Farm |
| 17:51 | Queue | Villager (Male) |
| 17:51 | Queue | Villager (Male) |
| 18:11 | Build | Town Center |
| 18:12 | Queue | Villager (Male) |
| 18:12 | Queue | Villager (Male) |
| 18:12 | Queue | Villager (Male) |
| 18:13 | Queue | Villager (Male) |
| 18:27 | Queue | Villager (Male) |
| 18:27 | Queue | Villager (Male) |
| 18:27 | Queue | Villager (Male) |
| 18:28 | Queue | Villager (Male) |
| 18:43 | Build | Farm |
| 18:45 | Build | Farm |
| 18:46 | Build | Farm |
| 18:50 | Queue | Villager (Male) |
| 19:20 | Build | Town Center |
| 19:25 | Build | Farm |
| 19:26 | Queue | Villager (Male) |
| 19:27 | Queue | Villager (Male) |
| 19:27 | Queue | Villager (Male) |
| 19:27 | Queue | Villager (Male) |
| 19:31 | Build | House |
| 19:32 | Build | House |
| 19:36 | Build | Farm |
| 19:51 | Queue | Monk |
| 20:05 | Queue | Villager (Male) |
| 20:05 | Queue | Villager (Male) |
| 20:06 | Queue | Villager (Male) |
| 20:06 | Queue | Villager (Male) |
| 20:07 | Queue | Villager (Male) |
| 20:10 | Build | Farm |
| 20:12 | Build | Farm |
| 20:16 | Build | Farm |
| 20:31 | Queue | Villager (Male) |
| 20:31 | Queue | Villager (Male) |
| 20:32 | Queue | Villager (Male) |
| 20:32 | Queue | Villager (Male) |
| 20:35 | Queue | Villager (Male) |
| 20:40 | Build | Farm |
| 20:41 | Build | Farm |
| 21:13 | Queue | Villager (Male) |
| 21:13 | Queue | Villager (Male) |
| 21:13 | Queue | Villager (Male) |
| 21:14 | Queue | Villager (Male) |
| 21:14 | Queue | Villager (Male) |
| 21:14 | Queue | Villager (Male) |
| 21:34 | Build | House |
| 21:37 | Build | House |
| 21:42 | Build | Farm |
| 21:43 | Build | Farm |
| 21:45 | Build | Farm |
| 21:47 | Build | Farm |
| 21:47 | Build | Farm |
| 21:48 | Build | Farm |
| 21:48 | Build | Farm |
| 21:48 | Build | Farm |
| 21:48 | Build | Farm |
| 21:51 | Queue | Villager (Male) |
| 21:51 | Queue | Villager (Male) |
| 21:51 | Queue | Villager (Male) |
| 21:51 | Queue | Villager (Male) |
| 22:04 | Queue | Villager (Male) |
| 22:11 | Build | Farm |
| 22:13 | Build | Farm |
| 22:15 | Build | Farm |
| 22:17 | Queue | Villager (Male) |
| 22:17 | Queue | Villager (Male) |
| 22:17 | Queue | Villager (Male) |
| 22:18 | Queue | Villager (Male) |
Build order — Feisty
First 150 of 325 actions detected
| 0:00 | Queue | Villager (Male) |
| 0:01 | Queue | Villager (Male) |
| 0:02 | Build | House |
| 0:03 | Build | House |
| 0:19 | Queue | Villager (Male) |
| 0:30 | Queue | Villager (Male) |
| 1:10 | Queue | Villager (Male) |
| 1:50 | Queue | Villager (Male) |
| 2:17 | Build | Lumber Camp |
| 2:21 | Queue | Villager (Male) |
| 2:48 | Queue | Villager (Male) |
| 2:48 | Queue | Villager (Male) |
| 3:29 | Queue | Villager (Male) |
| 3:33 | Queue | Villager (Male) |
| 3:42 | Build | Mill |
| 4:17 | Queue | Villager (Male) |
| 4:36 | Queue | Villager (Male) |
| 4:38 | Build | House |
| 4:42 | Build | House |
| 4:59 | Queue | Villager (Male) |
| 5:12 | Queue | Villager (Male) |
| 5:48 | Queue | Villager (Male) |
| 6:18 | Build | Farm |
| 6:22 | Build | Farm |
| 6:45 | Queue | Villager (Male) |
| 6:46 | Queue | Villager (Male) |
| 6:46 | Queue | Villager (Male) |
| 7:17 | Build | Farm |
| 8:13 | Queue | Villager (Male) |
| 8:43 | Build | Lumber Camp |
| 8:47 | Research | Feudal Age |
| 8:51 | Queue | Villager (Male) |
| 8:51 | Queue | Villager (Male) |
| 8:52 | Queue | Villager (Male) |
| 8:52 | Research | Feudal Age |
| 8:59 | Build | Mining Camp |
| 9:18 | Queue | Villager (Male) |
| 9:19 | Queue | Villager (Male) |
| 11:26 | Age | Feudal Age |
| 11:31 | Build | Blacksmith |
| 11:33 | Build | Market |
| 12:10 | Queue | Villager (Male) |
| 12:17 | Research | Wheelbarrow |
| 12:26 | Research | Castle Age |
| 12:37 | Build | House |
| 12:53 | Research | Double-Bit Axe |
| 13:05 | Build | House |
| 14:33 | Build | Mining Camp |
| 15:38 | Queue | Villager (Male) |
| 16:12 | Age | Castle Age |
| 16:13 | Build | Monastery |
| 16:16 | Build | Town Center |
| 16:22 | Research | Bow Saw |
| 16:37 | Queue | Villager (Male) |
| 16:44 | Queue | Monk |
| 16:52 | Build | Barracks |
| 16:57 | Queue | Villager (Male) |
| 17:15 | Build | Mill |
| 17:20 | Queue | Villager (Male) |
| 17:24 | Queue | Villager (Male) |
| 17:30 | Build | Farm |
| 17:30 | Queue | Monk |
| 17:48 | Build | Farm |
| 17:48 | Build | Farm |
| 17:49 | Build | Farm |
| 17:49 | Build | Farm |
| 17:54 | Queue | Villager (Male) |
| 17:55 | Queue | Fire Lancer |
| 18:02 | Build | Farm |
| 18:02 | Build | Farm |
| 18:02 | Build | Farm |
| 18:03 | Build | Farm |
| 18:03 | Build | Farm |
| 18:08 | Build | Farm |
| 18:12 | Queue | Villager (Male) |
| 18:29 | Queue | Villager (Male) |
| 18:52 | Queue | Villager (Male) |
| 18:56 | Build | Farm |
| 18:57 | Build | Farm |
| 18:57 | Build | Farm |
| 19:05 | Queue | Villager (Male) |
| 19:06 | Queue | Villager (Male) |
| 19:10 | Build | House |
| 19:19 | Queue | Monk |
| 19:21 | Queue | Villager (Male) |
| 19:31 | Queue | Villager (Male) |
| 19:34 | Build | Farm |
| 19:37 | Queue | Villager (Male) |
| 19:40 | Build | House |
| 19:46 | Build | House |
| 19:48 | Build | House |
| 19:49 | Build | House |
| 19:50 | Queue | Villager (Male) |
| 20:01 | Queue | Villager (Male) |
| 20:09 | Queue | Villager (Male) |
| 20:18 | Queue | Villager (Male) |
| 20:21 | Queue | Fire Lancer |
| 20:47 | Build | House |
| 20:48 | Queue | Villager (Male) |
| 20:48 | Queue | Villager (Male) |
| 21:21 | Queue | Villager (Male) |
| 21:21 | Queue | Villager (Male) |
| 21:21 | Queue | Villager (Male) |
| 21:29 | Queue | Villager (Male) |
| 21:34 | Build | House |
| 21:35 | Queue | Villager (Male) |
| 21:38 | Build | Farm |
| 21:39 | Build | Farm |
| 21:39 | Build | Farm |
| 21:39 | Build | Farm |
| 21:39 | Build | Farm |
| 21:48 | Queue | Villager (Male) |
| 21:49 | Queue | Villager (Male) |
| 21:55 | Queue | Villager (Male) |
| 21:56 | Queue | Villager (Male) |
| 22:05 | Queue | Villager (Male) |
| 22:08 | Build | House |
| 22:10 | Build | Farm |
| 22:10 | Queue | Villager (Male) |
| 22:14 | Build | Lumber Camp |
| 22:30 | Queue | Villager (Male) |
| 22:30 | Queue | Villager (Male) |
| 22:30 | Queue | Villager (Male) |
| 22:49 | Queue | Villager (Male) |
| 22:51 | Build | House |
| 23:01 | Build | Castle |
| 23:10 | Queue | Villager (Male) |
| 23:21 | Queue | Villager (Male) |
| 23:51 | Queue | Villager (Male) |
| 23:51 | Queue | Villager (Male) |
| 24:03 | Build | Castle |
| 24:15 | Research | Loom |
| 24:16 | Research | Hand Cart |
| 24:16 | Queue | Villager (Male) |
| 24:17 | Queue | Villager (Male) |
| 24:42 | Queue | Villager (Male) |
| 24:47 | Build | Mill |
| 24:48 | Build | Farm |
| 24:48 | Build | Farm |
| 24:49 | Build | Farm |
| 24:49 | Build | Farm |
| 25:03 | Research | Imperial Age |
| 25:07 | Build | Mining Camp |
| 25:09 | Research | Gold Mining |
| 25:21 | Queue | Villager (Male) |
| 25:22 | Queue | Villager (Male) |
| 25:37 | Queue | Villager (Male) |
| 25:47 | Build | Town Center |
| 25:49 | Queue | Villager (Male) |
| 25:55 | Queue | Villager (Male) |
Build order — Rudolf
First 150 of 385 actions detected
| 0:06 | Queue | Villager (Male) |
| 0:07 | Queue | Villager (Male) |
| 0:07 | Queue | Villager (Male) |
| 0:07 | Queue | Villager (Male) |
| 0:07 | Queue | Villager (Male) |
| 0:10 | Build | House |
| 0:12 | Build | House |
| 1:36 | Queue | Villager (Male) |
| 1:54 | Build | Lumber Camp |
| 2:09 | Queue | Villager (Male) |
| 2:09 | Queue | Villager (Male) |
| 2:24 | Queue | Villager (Male) |
| 2:24 | Queue | Villager (Male) |
| 2:58 | Queue | Villager (Male) |
| 2:58 | Queue | Villager (Male) |
| 3:25 | Queue | Villager (Male) |
| 3:25 | Queue | Villager (Male) |
| 3:39 | Queue | Villager (Male) |
| 3:40 | Queue | Villager (Male) |
| 3:54 | Queue | Villager (Male) |
| 3:54 | Queue | Villager (Male) |
| 3:57 | Build | House |
| 3:58 | Build | House |
| 3:59 | Build | House |
| 4:26 | Queue | Villager (Male) |
| 4:26 | Queue | Villager (Male) |
| 4:26 | Queue | Villager (Male) |
| 4:55 | Build | Mill |
| 5:05 | Queue | Villager (Male) |
| 5:05 | Queue | Villager (Male) |
| 5:06 | Queue | Villager (Male) |
| 5:46 | Queue | Villager (Male) |
| 6:26 | Queue | Villager (Male) |
| 6:39 | Queue | Villager (Male) |
| 6:40 | Queue | Villager (Male) |
| 6:40 | Queue | Villager (Male) |
| 7:13 | Queue | Villager (Male) |
| 7:17 | Queue | Villager (Male) |
| 7:17 | Queue | Villager (Male) |
| 7:56 | Build | Farm |
| 8:03 | Queue | Villager (Male) |
| 8:06 | Build | Mining Camp |
| 8:36 | Build | Farm |
| 8:40 | Research | Feudal Age |
| 9:38 | Queue | Villager (Male) |
| 9:39 | Queue | Villager (Male) |
| 10:40 | Build | Farm |
| 10:46 | Build | Farm |
| 11:02 | Age | Feudal Age |
| 11:05 | Build | Market |
| 11:07 | Build | Blacksmith |
| 11:34 | Build | Farm |
| 12:04 | Research | Castle Age |
| 12:05 | Research | Castle Age |
| 12:12 | Build | House |
| 12:12 | Build | House |
| 12:13 | Build | House |
| 12:38 | Research | Horse Collar |
| 12:38 | Research | Horse Collar |
| 12:49 | Build | House |
| 13:10 | Research | Double-Bit Axe |
| 13:11 | Research | Double-Bit Axe |
| 13:27 | Queue | Villager (Male) |
| 13:48 | Queue | Villager (Male) |
| 13:51 | Build | Farm |
| 13:58 | Build | Farm |
| 14:22 | Build | House |
| 14:24 | Build | House |
| 14:24 | Build | House |
| 14:44 | Age | Castle Age |
| 14:47 | Build | Town Center |
| 15:18 | Build | Town Center |
| 15:22 | Queue | Villager (Male) |
| 15:23 | Queue | Villager (Male) |
| 15:40 | Queue | Villager (Male) |
| 15:43 | Queue | Villager (Male) |
| 15:43 | Queue | Villager (Male) |
| 15:44 | Queue | Villager (Male) |
| 15:48 | Research | Bow Saw |
| 15:49 | Research | Bow Saw |
| 15:55 | Queue | Villager (Male) |
| 16:15 | Build | Farm |
| 16:24 | Research | Heavy Plow |
| 16:24 | Research | Heavy Plow |
| 16:28 | Research | Loom |
| 16:34 | Queue | Villager (Male) |
| 16:35 | Queue | Villager (Male) |
| 16:48 | Build | Farm |
| 16:49 | Build | Farm |
| 16:52 | Build | Farm |
| 16:54 | Queue | Villager (Male) |
| 17:05 | Queue | Villager (Male) |
| 17:05 | Queue | Villager (Male) |
| 17:10 | Build | Farm |
| 17:15 | Build | Farm |
| 17:24 | Queue | Villager (Male) |
| 17:25 | Queue | Villager (Male) |
| 17:27 | Build | Farm |
| 17:29 | Build | Farm |
| 17:34 | Build | Farm |
| 17:36 | Queue | Villager (Male) |
| 17:53 | Build | Monastery |
| 17:57 | Queue | Villager (Male) |
| 18:03 | Queue | Villager (Male) |
| 18:03 | Queue | Villager (Male) |
| 18:19 | Build | Farm |
| 18:23 | Build | Farm |
| 18:29 | Build | Farm |
| 18:30 | Queue | Villager (Male) |
| 18:31 | Queue | Villager (Male) |
| 18:31 | Queue | Villager (Male) |
| 18:39 | Queue | Monk |
| 18:39 | Queue | Monk |
| 18:52 | Queue | Villager (Male) |
| 18:52 | Queue | Villager (Male) |
| 18:58 | Queue | Villager (Male) |
| 18:58 | Queue | Villager (Male) |
| 19:06 | Build | Mill |
| 19:07 | Build | Farm |
| 19:11 | Build | Farm |
| 19:12 | Build | Farm |
| 19:13 | Build | Farm |
| 19:13 | Build | Farm |
| 19:15 | Build | Farm |
| 19:16 | Build | Farm |
| 19:26 | Build | Farm |
| 19:26 | Queue | Villager (Male) |
| 19:27 | Queue | Villager (Male) |
| 19:28 | Queue | Villager (Male) |
| 19:34 | Queue | Monk |
| 19:46 | Queue | Villager (Male) |
| 19:46 | Queue | Villager (Male) |
| 19:47 | Queue | Villager (Male) |
| 19:58 | Build | House |
| 19:59 | Build | House |
| 20:05 | Queue | Villager (Male) |
| 20:06 | Queue | Villager (Male) |
| 20:07 | Queue | Villager (Male) |
| 20:19 | Build | Farm |
| 20:22 | Queue | Villager (Male) |
| 20:23 | Queue | Villager (Male) |
| 20:26 | Queue | Villager (Male) |
| 20:42 | Build | Town Center |
| 20:43 | Queue | Villager (Male) |
| 20:44 | Queue | Villager (Male) |
| 20:44 | Queue | Villager (Male) |
| 21:22 | Queue | Villager (Male) |
| 21:22 | Queue | Villager (Male) |
| 21:23 | Queue | Villager (Male) |
| 21:26 | Research | Wheelbarrow |
Build order — [DH]Misratronic
First 150 of 394 actions detected
| 0:01 | Queue | Villager (Male) |
| 0:01 | Queue | Villager (Male) |
| 0:02 | Build | House |
| 0:03 | Build | House |
| 0:05 | Queue | Villager (Male) |
| 0:05 | Queue | Villager (Male) |
| 1:31 | Queue | Villager (Male) |
| 1:31 | Queue | Villager (Male) |
| 1:39 | Queue | Villager (Male) |
| 2:13 | Queue | Villager (Male) |
| 2:13 | Queue | Villager (Male) |
| 2:29 | Queue | Villager (Male) |
| 2:53 | Queue | Villager (Male) |
| 2:56 | Build | Lumber Camp |
| 3:20 | Queue | Villager (Male) |
| 3:20 | Queue | Villager (Male) |
| 3:43 | Queue | Villager (Male) |
| 3:43 | Queue | Villager (Male) |
| 3:53 | Queue | Villager (Male) |
| 4:08 | Queue | Villager (Male) |
| 4:09 | Queue | Villager (Male) |
| 4:40 | Build | House |
| 5:36 | Queue | Villager (Male) |
| 6:06 | Queue | Villager (Male) |
| 6:10 | Build | House |
| 6:27 | Queue | Villager (Male) |
| 6:46 | Queue | Villager (Male) |
| 6:50 | Build | Mill |
| 7:23 | Queue | Villager (Male) |
| 7:23 | Queue | Villager (Male) |
| 7:50 | Queue | Villager (Male) |
| 8:05 | Build | House |
| 8:11 | Queue | Villager (Male) |
| 8:29 | Queue | Villager (Male) |
| 8:59 | Research | Feudal Age |
| 9:06 | Build | Mill |
| 9:44 | Build | Palisade Wall |
| 9:45 | Build | Palisade Wall |
| 9:45 | Build | Palisade Wall |
| 9:54 | Build | Palisade Wall |
| 9:55 | Build | Palisade Wall |
| 9:55 | Build | Palisade Wall |
| 10:23 | Build | Palisade Wall |
| 10:25 | Build | Palisade Wall |
| 11:38 | Age | Feudal Age |
| 11:45 | Build | Market |
| 11:47 | Build | Blacksmith |
| 12:22 | Queue | Villager (Male) |
| 12:51 | Research | Castle Age |
| 13:04 | Research | Horse Collar |
| 13:05 | Research | Double-Bit Axe |
| 13:39 | Build | House |
| 13:58 | Build | Palisade Wall |
| 15:30 | Queue | Villager (Male) |
| 15:31 | Age | Castle Age |
| 15:32 | Build | Town Center |
| 15:35 | Build | Town Center |
| 15:48 | Queue | Villager (Male) |
| 16:02 | Build | Town Center |
| 16:03 | Queue | Villager (Male) |
| 16:15 | Queue | Villager (Male) |
| 16:29 | Queue | Villager (Male) |
| 16:38 | Queue | Villager (Male) |
| 16:39 | Build | Farm |
| 16:40 | Build | Farm |
| 16:42 | Build | Farm |
| 16:43 | Build | Farm |
| 16:46 | Queue | Villager (Male) |
| 16:53 | Build | Farm |
| 16:53 | Queue | Villager (Male) |
| 17:03 | Queue | Villager (Male) |
| 17:03 | Queue | Villager (Male) |
| 17:03 | Queue | Villager (Male) |
| 17:03 | Queue | Villager (Male) |
| 17:23 | Build | House |
| 17:30 | Queue | Villager (Male) |
| 17:37 | Build | Farm |
| 17:38 | Build | Farm |
| 17:39 | Build | Farm |
| 17:42 | Build | Farm |
| 17:48 | Queue | Villager (Male) |
| 17:54 | Build | Farm |
| 18:00 | Build | Farm |
| 18:03 | Build | Farm |
| 18:06 | Queue | Villager (Male) |
| 18:13 | Build | Farm |
| 18:14 | Queue | Villager (Male) |
| 18:19 | Build | Farm |
| 18:27 | Build | Farm |
| 18:37 | Queue | Villager (Male) |
| 18:44 | Build | House |
| 18:45 | Queue | Villager (Male) |
| 18:49 | Build | Farm |
| 18:49 | Build | Farm |
| 18:50 | Queue | Villager (Male) |
| 18:50 | Queue | Villager (Male) |
| 19:00 | Build | Farm |
| 19:00 | Queue | Villager (Male) |
| 19:03 | Build | Farm |
| 19:13 | Build | Farm |
| 19:13 | Queue | Villager (Male) |
| 19:19 | Build | Farm |
| 19:19 | Queue | Villager (Male) |
| 19:20 | Queue | Villager (Male) |
| 19:26 | Queue | Villager (Male) |
| 19:34 | Build | Farm |
| 19:35 | Queue | Villager (Male) |
| 19:36 | Queue | Villager (Male) |
| 19:39 | Build | Farm |
| 19:45 | Build | Farm |
| 19:45 | Queue | Villager (Male) |
| 19:47 | Queue | Villager (Male) |
| 19:50 | Build | House |
| 19:53 | Queue | Villager (Male) |
| 19:54 | Queue | Villager (Male) |
| 20:00 | Build | Farm |
| 20:07 | Queue | Villager (Male) |
| 20:13 | Build | Farm |
| 20:14 | Queue | Villager (Male) |
| 20:17 | Queue | Villager (Male) |
| 20:17 | Queue | Villager (Male) |
| 20:21 | Build | Farm |
| 20:21 | Queue | Villager (Male) |
| 20:27 | Queue | Villager (Male) |
| 20:33 | Build | Farm |
| 20:33 | Queue | Villager (Male) |
| 20:34 | Queue | Villager (Male) |
| 20:41 | Build | Farm |
| 20:43 | Queue | Villager (Male) |
| 20:45 | Build | House |
| 20:46 | Queue | Villager (Male) |
| 20:50 | Queue | Villager (Male) |
| 20:56 | Build | Farm |
| 20:56 | Queue | Villager (Male) |
| 20:57 | Queue | Villager (Male) |
| 20:59 | Build | Farm |
| 21:00 | Queue | Villager (Male) |
| 21:04 | Build | Farm |
| 21:05 | Queue | Villager (Male) |
| 21:05 | Queue | Villager (Male) |
| 21:12 | Queue | Villager (Male) |
| 21:14 | Build | Farm |
| 21:17 | Queue | Villager (Male) |
| 21:22 | Build | Farm |
| 21:30 | Queue | Villager (Male) |
| 21:30 | Queue | Villager (Male) |
| 21:30 | Queue | Villager (Male) |
| 21:36 | Build | Farm |
| 21:36 | Queue | Villager (Male) |
| 21:39 | Build | Farm |
Build order — 74_phihung
First 150 of 310 actions detected
| 0:01 | Queue | Villager (Male) |
| 0:02 | Queue | Villager (Male) |
| 0:02 | Queue | Villager (Male) |
| 0:04 | Build | House |
| 0:06 | Build | House |
| 0:13 | Queue | Villager (Male) |
| 0:14 | Queue | Villager (Male) |
| 1:27 | Queue | Villager (Male) |
| 1:27 | Queue | Villager (Male) |
| 1:51 | Build | House |
| 1:52 | Build | House |
| 1:54 | Queue | Villager (Male) |
| 1:54 | Queue | Villager (Male) |
| 2:13 | Queue | Villager (Male) |
| 2:13 | Queue | Villager (Male) |
| 2:13 | Queue | Villager (Male) |
| 2:17 | Build | Lumber Camp |
| 3:00 | Queue | Villager (Male) |
| 3:00 | Queue | Villager (Male) |
| 3:00 | Queue | Villager (Male) |
| 3:00 | Queue | Villager (Male) |
| 3:34 | Queue | Villager (Male) |
| 3:34 | Queue | Villager (Male) |
| 3:34 | Queue | Villager (Male) |
| 4:01 | Queue | Villager (Male) |
| 4:02 | Queue | Villager (Male) |
| 4:33 | Queue | Villager (Male) |
| 4:33 | Queue | Villager (Male) |
| 4:33 | Queue | Villager (Male) |
| 4:33 | Queue | Villager (Male) |
| 5:14 | Queue | Villager (Male) |
| 5:14 | Queue | Villager (Male) |
| 5:15 | Queue | Villager (Male) |
| 5:32 | Build | Mill |
| 6:04 | Queue | Villager (Male) |
| 6:04 | Queue | Villager (Male) |
| 6:05 | Queue | Villager (Male) |
| 6:18 | Queue | Villager (Male) |
| 6:18 | Queue | Villager (Male) |
| 6:18 | Queue | Villager (Male) |
| 6:19 | Queue | Villager (Male) |
| 6:52 | Queue | Villager (Male) |
| 6:52 | Queue | Villager (Male) |
| 6:53 | Queue | Villager (Male) |
| 6:53 | Queue | Villager (Male) |
| 7:04 | Build | House |
| 8:41 | Build | Mining Camp |
| 8:45 | Queue | Villager (Male) |
| 8:45 | Queue | Villager (Male) |
| 8:53 | Research | Feudal Age |
| 9:07 | Build | Farm |
| 9:15 | Build | Farm |
| 10:04 | Research | Loom |
| 10:26 | Build | Farm |
| 10:47 | Build | Farm |
| 11:20 | Age | Feudal Age |
| 11:25 | Build | Market |
| 11:28 | Build | Blacksmith |
| 11:31 | Queue | Villager (Male) |
| 11:41 | Build | Mining Camp |
| 13:01 | Research | Castle Age |
| 13:01 | Research | Castle Age |
| 13:05 | Build | House |
| 13:50 | Research | Double-Bit Axe |
| 13:50 | Research | Double-Bit Axe |
| 14:07 | Build | House |
| 14:45 | Build | House |
| 14:52 | Research | Wheelbarrow |
| 15:11 | Build | Farm |
| 15:13 | Build | Farm |
| 15:41 | Age | Castle Age |
| 15:58 | Build | Castle |
| 16:06 | Research | Bow Saw |
| 16:28 | Build | Farm |
| 16:31 | Build | Farm |
| 16:58 | Queue | Villager (Male) |
| 16:59 | Queue | Villager (Male) |
| 17:29 | Queue | Villager (Male) |
| 17:48 | Build | Town Center |
| 18:03 | Queue | Villager (Male) |
| 18:03 | Queue | Villager (Male) |
| 18:03 | Queue | Villager (Male) |
| 18:13 | Build | Farm |
| 18:15 | Build | Farm |
| 18:18 | Build | Farm |
| 18:57 | Queue | Villager (Male) |
| 19:01 | Queue | Villager (Male) |
| 19:05 | Build | Farm |
| 19:07 | Build | Farm |
| 19:14 | Queue | Villager (Male) |
| 19:15 | Queue | Villager (Male) |
| 19:22 | Build | Farm |
| 19:23 | Build | Farm |
| 19:31 | Queue | Villager (Male) |
| 19:32 | Queue | Villager (Male) |
| 19:50 | Build | Siege Workshop |
| 19:51 | Queue | Villager (Male) |
| 19:52 | Queue | Villager (Male) |
| 20:17 | Queue | Villager (Male) |
| 20:29 | Queue | Villager (Male) |
| 20:33 | Build | Farm |
| 20:34 | Build | Farm |
| 20:42 | Queue | Villager (Male) |
| 20:42 | Queue | Villager (Male) |
| 20:53 | Build | Farm |
| 20:54 | Queue | Villager (Male) |
| 21:12 | Queue | Villager (Male) |
| 21:21 | Build | Farm |
| 21:23 | Build | Farm |
| 21:24 | Queue | Villager (Male) |
| 21:28 | Build | Farm |
| 21:29 | Queue | Villager (Male) |
| 21:30 | Queue | Villager (Male) |
| 21:51 | Research | Gold Mining |
| 21:51 | Research | Gold Mining |
| 21:56 | Build | Town Center |
| 22:00 | Queue | Villager (Male) |
| 22:01 | Queue | Villager (Male) |
| 22:07 | Build | Farm |
| 22:12 | Queue | Villager (Male) |
| 22:13 | Queue | Villager (Male) |
| 22:38 | Queue | Villager (Male) |
| 22:40 | Queue | Villager (Male) |
| 22:58 | Research | Stone Mining |
| 22:58 | Research | Stone Mining |
| 23:15 | Queue | Villager (Male) |
| 23:16 | Queue | Villager (Male) |
| 23:16 | Queue | Villager (Male) |
| 23:25 | Research | Hand Cart |
| 23:34 | Queue | Villager (Male) |
| 23:59 | Build | Town Center |
| 24:01 | Queue | Villager (Male) |
| 24:02 | Queue | Villager (Male) |
| 24:04 | Queue | Villager (Male) |
| 24:05 | Queue | Villager (Male) |
| 24:14 | Build | Farm |
| 24:16 | Build | Farm |
| 24:21 | Queue | Villager (Male) |
| 24:22 | Queue | Villager (Male) |
| 24:35 | Research | Gold Shaft Mining |
| 24:35 | Research | Gold Shaft Mining |
| 24:37 | Queue | Villager (Male) |
| 24:42 | Queue | Villager (Male) |
| 24:54 | Build | House |
| 24:55 | Build | House |
| 24:56 | Build | House |
| 24:59 | Queue | Villager (Male) |
| 25:13 | Build | Farm |
| 25:16 | Build | Farm |
| 25:24 | Build | Farm |
Match timeline
| 7:59 | yu_k1 · wall_segment Palisade Wall x1 |
| 8:03 | [DH]Felgrand · age_up feudal |
| 8:20 | yu_k1 · wall_segment Palisade Wall x1 |
| 8:45 | yu_k1 · wall_segment Palisade Wall x14 |
| 9:13 | yu_k1 · wall_segment Palisade Wall x13 |
| 9:44 | [DH]Misratronic · wall_segment Palisade Wall x1 |
| 9:45 | [DH]Misratronic · wall_segment Palisade Wall x1 |
| 9:45 | [DH]Misratronic · wall_segment Palisade Wall x2 |
| 9:54 | [DH]Misratronic · wall_segment Palisade Wall x1 |
| 9:55 | [DH]Misratronic · wall_segment Palisade Wall x1 |
| 9:55 | [DH]Misratronic · wall_segment Palisade Wall x1 |
| 10:01 | |MP| Juanete177 · age_up feudal |
| 10:23 | [DH]Misratronic · wall_segment Palisade Wall x1 |
| 10:25 | [DH]Misratronic · wall_segment Palisade Wall x1 |
| 10:36 | yu_k1 · age_up feudal |
| 11:02 | Rudolf · age_up feudal |
| 11:20 | 74_phihung · age_up feudal |
| 11:26 | Feisty · age_up feudal |
| 11:38 | [DH]Misratronic · age_up feudal |
| 11:39 | FBI!open the door · age_up feudal |
| 11:49 | yu_k1 · first_building Barracks |
| 12:18 | [DH]Felgrand · wall_segment Palisade Wall x1 |
| 12:21 | [DH]Felgrand · wall_segment Palisade Wall x1 |
| 12:56 | yu_k1 · first_building Archery Range |
| 13:22 | |MP| Juanete177 · age_up castle |
| 13:43 | yu_k1 · wall_segment Palisade Wall x1 |
| 13:44 | yu_k1 · wall_segment Palisade Wall x1 |
| 13:58 | [DH]Misratronic · wall_segment Palisade Wall x1 |
| 14:44 | Rudolf · age_up castle |
| 15:12 | FBI!open the door · age_up castle |
| 15:31 | [DH]Misratronic · age_up castle |
| 15:41 | 74_phihung · age_up castle |
| 15:43 | [DH]Misratronic · first_market_sell 100 food |
| 15:46 | [DH]Misratronic · first_market_buy 100 stone |
| 15:46 | FBI!open the door · first_building Monastery |
| 15:58 | 74_phihung · first_building Castle |
| 16:12 | Feisty · age_up castle |
| 16:13 | Feisty · first_building Monastery |
| 16:33 | Rudolf · first_market_buy 100 food |
| 16:52 | Feisty · first_building Barracks |
| 16:56 | yu_k1 · first_market_sell 100 wood |
| 17:53 | Rudolf · first_building Monastery |
| 18:50 | |MP| Juanete177 · first_market_sell 100 wood |
| 18:51 | |MP| Juanete177 · first_market_buy 100 stone |
| 19:23 | |MP| Juanete177 · first_building Monastery |
| 19:45 | yu_k1 · age_up castle |
| 19:47 | yu_k1 · first_market_buy 100 food |
| 19:50 | 74_phihung · first_building Siege Workshop |
| 20:09 | yu_k1 · first_building Siege Workshop |
| 21:19 | [DH]Felgrand · age_up castle |
| 21:26 | [DH]Felgrand · first_building Monastery |
| 21:31 | [DH]Felgrand · first_market_buy 100 wood |
| 22:10 | yu_k1 · first_building Monastery |
| 22:17 | [DH]Felgrand · first_building Siege Workshop |
| 22:36 | Rudolf · first_building Barracks |
| 23:01 | Feisty · first_building Castle |
| 23:21 | |MP| Juanete177 · first_building Barracks |
| 23:43 | Rudolf · first_building Stable |
| 24:09 | |MP| Juanete177 · first_building Stable |
| 24:17 | FBI!open the door · first_building Siege Workshop |
| 24:19 | yu_k1 · wall_segment Stone Wall x1 |
| 26:22 | Rudolf · first_building Castle |
| 26:25 | |MP| Juanete177 · first_building Castle |
| 26:53 | [DH]Misratronic · first_building Barracks |
| 26:54 | FBI!open the door · first_building Barracks |
| 26:59 | [DH]Misratronic · first_building Monastery |
| 27:14 | FBI!open the door · first_building Castle |
| 27:16 | 74_phihung · first_market_buy 100 food |
| 27:46 | 74_phihung · first_building Barracks |
| 27:51 | |MP| Juanete177 · age_up imperial |
| 27:53 | [DH]Misratronic · first_building Stable |
| 28:17 | Feisty · age_up imperial |
| 28:32 | FBI!open the door · age_up imperial |
| 28:43 | Feisty · first_building Siege Workshop |
| 28:44 | Rudolf · age_up imperial |
| 29:16 | [DH]Felgrand · first_building Castle |
| 29:32 | [DH]Felgrand · first_market_sell 100 wood |
| 29:56 | Rudolf · first_building Archery Range |
| 30:03 | Rudolf · first_building Siege Workshop |
| 30:29 | [DH]Misratronic · first_building Castle |
| 30:39 | 74_phihung · age_up imperial |
| 30:53 | [DH]Felgrand · age_up imperial |
| 30:56 | FBI!open the door · first_market_sell 500 food |
| 31:00 | [DH]Misratronic · age_up imperial |
| 31:36 | yu_k1 · first_building Castle |
| 32:16 | [DH]Misratronic · first_building Archery Range |
| 35:34 | |MP| Juanete177 · first_building Archery Range |
| 36:17 | [DH]Misratronic · tribute_sent a jugador 1 |
| 36:17 | [DH]Misratronic · tribute_sent a jugador 2 |
| 36:17 | [DH]Misratronic · tribute_sent a jugador 3 |
| 36:17 | [DH]Misratronic · tribute_sent a jugador 4 |
| 36:17 | [DH]Misratronic · tribute_sent a jugador 5 |
| 36:17 | [DH]Misratronic · tribute_sent a jugador 7 |
| 36:17 | [DH]Misratronic · tribute_sent a jugador 8 |
| 36:22 | |MP| Juanete177 · tribute_sent a jugador 1 |
| 36:22 | |MP| Juanete177 · tribute_sent a jugador 2 |
| 36:22 | |MP| Juanete177 · tribute_sent a jugador 3 |
| 36:22 | |MP| Juanete177 · tribute_sent a jugador 4 |
| 36:22 | |MP| Juanete177 · tribute_sent a jugador 5 |
| 36:22 | |MP| Juanete177 · tribute_sent a jugador 6 |
| 36:22 | |MP| Juanete177 · tribute_sent a jugador 7 |
| 36:46 | Feisty · first_market_buy 100 stone |
| 36:52 | yu_k1 · age_up imperial |
| 37:26 | FBI!open the door · tribute_sent a jugador 1 |
| 37:26 | FBI!open the door · tribute_sent a jugador 2 |
| 37:26 | FBI!open the door · tribute_sent a jugador 4 |
| 37:26 | FBI!open the door · tribute_sent a jugador 5 |
| 37:26 | FBI!open the door · tribute_sent a jugador 6 |
| 37:26 | FBI!open the door · tribute_sent a jugador 7 |
| 37:26 | FBI!open the door · tribute_sent a jugador 8 |
| 38:22 | Rudolf · first_market_sell 100 wood |
| 39:18 | 74_phihung · resign |
[ AI ANALYSIS · 1 CREDIT ]
What really happened in this match?
Wolo.gg analyzes every decision: build order, eco, micro, common mistakes by bracket. Personalized analysis on WhatsApp or Discord in 30 seconds.
Civ guide
Persians
Perfil
Jugador #3237533